 Dungeon Crawl Stone Soup version 0.20-a0-390-g4892b34 (webtiles) character file.

37930 hairmachine the Brawler (level 13, -4/122 HPs)
             Began as a Ghoul Warper on Dec 30, 2016.
             Was a High Priest of Ashenzari.
             Slain by a spiny frog (16 damage)
             ... on level 5 of the Lair of Beasts on Dec 31, 2016.
             The game lasted 01:01:42 (18409 turns).

hairmachine the Brawler (Ghoul Warper)             Turns: 18409, Time: 01:01:44

Health: -4/122     AC: 25    Str: 20    XL:     13   Next: 99%
Magic:  14/14      EV: 11    Int:  8    God:    Ashenzari [*****.]
Gold:   717        SH:  0    Dex: 11    Spells: 15/15 levels left

rFire  . . .     SeeInvis +       - Unarmed
rCold  + . .     Gourm    .     r - +0 plate armour (curse)
rNeg   + + +     Faith    .     (no shield)
rPois  ∞         Spirit   .     z - +2 helmet (curse)
rElec  .         Reflect  .     w - +2 cloak (curse)
rCorr  .         Harm     .     (no gloves)
MR     .....     Clarity  +     y - +0 pair of boots (curse)
Stlth  ..........               (no amulet)
                                e - +2 ring of evasion (curse)
                                h - +3 ring of dexterity (curse)

@: rotting
A: rotting body, claws 1, carnivore 3, cold resistance 1, negative energy
resistance 3, slow regeneration 1, torment resistance, unbreathing
a: Curse Item, Scrying, Transfer Knowledge, Renounce Religion


You were on level 5 of the Lair of Beasts.
You worshipped Ashenzari.
Ashenzari was extremely pleased with you.
You were not hungry.

You visited 2 branches of the dungeon, and saw 16 of its levels.
You also visited: Ice Cave.

You collected 717 gold pieces.


Innate Abilities, Weirdness & Mutations

Your body is rotting away.
You thrive on raw meat.
You are immune to poison.
You have sharp fingernails.
You are carnivorous and can eat meat at any time.
Your flesh is cold resistant. (rC+)
You are immune to negative energy. (rN+++)
You regenerate slowly when monsters are visible.
You are immune to unholy pain and torment.
You can survive without breathing.


   Skills:
 + Level 13.3 Fighting
 - Level 0.8 Throwing
 + Level 11.2(14.9) Armour
 - Level 5.2 Dodging
 * Level 16.0 Unarmed Combat
 - Level 1.7 Spellcasting
   Level 2.6(4.8) Translocations


You had 15 spell levels left.
You didn't know any spells.

Inventory:

Missiles
 d - 8 tomahawks of dispersal {=f}
 i - 25 stones (quivered)
 u - 18 tomahawks
 A - 3 tomahawks of returning
Armour
 r - a cursed +0 plate armour (worn)
   (You found it on level 2 of the Dungeon)
 w - a cursed +2 cloak (worn)
   (You found it on level 9 of the Dungeon)
 y - a cursed +0 pair of boots (worn)
   (You found it on level 5 of the Dungeon)
 z - a cursed +2 helmet (worn)
   (You found it on level 5 of the Dungeon)
 J - a cursed +0 pair of gloves
   (You found it on level 9 of the Dungeon)
Jewellery
 e - a cursed +2 ring of evasion (right claw)
   (You took it off an orc on level 10 of the Dungeon)
 h - a cursed +3 ring of dexterity (left claw)
   (You found it on level 1 of the Dungeon)
 j - a +5 ring of intelligence
   (You found it on level 1 of the Dungeon)
 v - an uncursed ring of resist corrosion
   (You found it on level 10 of the Dungeon)
Wands
 H - a wand of iceblast (0/15)
   (You found it on level 8 of the Dungeon)
 I - a wand of acid (0/15)
   (You found it on level 8 of the Dungeon)
 O - a wand of digging (7/24)
   (You found it on level 10 of the Dungeon)
 T - a wand of polymorph (11/24)
   (You found it on level 2 of the Lair of Beasts)
 V - a wand of lightning (4/15)
   (You found it on level 3 of the Lair of Beasts)
 X - a wand of disintegration (6/24)
   (You found it on level 4 of the Lair of Beasts)
Scrolls
 b - 6 scrolls of magic mapping {!r}
 c - 5 scrolls of enchant weapon {!r}
 m - 3 scrolls of immolation {!r}
 n - a scroll of random uselessness {!r, unknown}
 p - 7 scrolls of remove curse {!r}
 s - 2 scrolls of amnesia {!r, unknown}
 t - 7 scrolls of teleportation {!r}
 x - a scroll of fear {!r, unknown}
 D - 2 scrolls of recharging {!r, unknown}
 N - a scroll of silence {!r, unknown}
 W - a scroll of fog {!r, unknown}
Potions
 a - 2 potions of resistance {!q}
 g - 3 potions of flight {!q}
 k - 2 potions of curing {!q}
 l - 2 potions of brilliance {!q}
 o - 2 potions of haste {!q, unknown}
 B - 2 potions of invisibility {!q, unknown}
 C - a potion of berserk rage {!q, unknown}
 E - a potion of ambrosia {!q, unknown}
 G - a potion of heal wounds {!q, unknown}
 K - a potion of cancellation {!q, unknown}
 L - a potion of mutation {!q, unknown}
 M - a potion of degeneration {!q, unknown}
 Q - 3 potions of agility {!q, unknown}
 S - a potion of magic {!q, unknown}
Books
 U - a book of Changes
   (You found it on level 4 of the Lair of Beasts)

   Spells                             Type                      Level
   a - Beastly Appendage              Transmutation                1
   b - Sticks to Snakes               Transmutation                2
   c - Spider Form                    Transmutation/Poison         3
   d - Ice Form                       Ice/Transmutation            4
   e - Blade Hands                    Transmutation                5
Comestibles
 f - 3 meat rations
 q - 3 chunks of flesh
 F - a royal jelly
 Z - a beef jerky

Dungeon Overview and Level Annotations

Branches:
Dungeon (10/15)            Temple (0/1) D:6            Lair (6/6) D:8
 Shoals (0/4) Lair:2       Spider (0/4) Lair:4
  Slime: Lair:5-6       Orc: D:9-12

Altars:
Ashenzari
Cheibriados
Hepliaklqana
Kikubaaqudgha
Nemelex Xobeh
Qazlal
Sif Muna
Xom
Zin
The Shining One

Shops:
D:8 :%(=[

Annotations:
D:1 exclusion: downstairs
D:3 exclusion: downstairs
D:6 exclusion: 2 downstairs
D:7 exclusion: 2 downstairs
D:8 1 runed door
D:9 exclusion: 2 downstairs
Lair:2 exclusion: downstairs
Lair:3 exclusion: 2 downstairs
Lair:4 exclusion: downstairs
Lair:5 exclusion: 3 oklob plants

...........##....##P.....#...#.#.
...........#.###@##......##.=....
..........#.##.F##P..............
...........#.#...##....>.........
.................................
.................F...............
.........................#.P##...
.####..........####....###.###.P.
.####......P....###....##...#..P.
....#.)...P#.....##.....#........
...........#......PP...P##Y..#...
....#...................##.......
................##.....###...÷#..
...##...>..#....#PP....###P.P.#.<
....#...........#.......###.#.#..
#.#........#####.#...........###.
..........P.#P....#..............


You could see a spiny frog.


Message History

You eat one of the 5 chunks of flesh.
The eight-headed hydra bites you.
* * * LOW HITPOINT WARNING * * *
The eight-headed hydra barely misses you.
The eight-headed hydra bites you but does no damage.
The eight-headed hydra bites you!
* * * LOW HITPOINT WARNING * * *
The eight-headed hydra bites you but does no damage.
The eight-headed hydra bites you.
* * * LOW HITPOINT WARNING * * *
The eight-headed hydra bites you but does no damage. x2
This raw flesh tastes great!
Damage: -7%(-8hp) hp: 37%(45hp)
You barely miss the eight-headed hydra.
The eight-headed hydra is heavily wounded.
You claw the eight-headed hydra!
The eight-headed hydra is heavily wounded.
The eight-headed hydra bites you.
* * * LOW HITPOINT WARNING * * *
The eight-headed hydra closely misses you.
The eight-headed hydra bites you but does no damage.
The eight-headed hydra barely misses you.
The eight-headed hydra bites you but does no damage.
The eight-headed hydra bites you.
* * * LOW HITPOINT WARNING * * *
The eight-headed hydra bites you but does no damage.
The eight-headed hydra misses you.
Damage: -3%(-4hp) hp: 34%(41hp)
You completely miss the eight-headed hydra.
The eight-headed hydra is heavily wounded.
The eight-headed hydra bites you but does no damage. x2
The eight-headed hydra barely misses you.
The eight-headed hydra bites you but does no damage. x2
The eight-headed hydra misses you.
The eight-headed hydra closely misses you. x2
You scratch the eight-headed hydra.
The eight-headed hydra is heavily wounded.
The eight-headed hydra closely misses you. x2
The eight-headed hydra bites you.
* * * LOW HITPOINT WARNING * * *
The eight-headed hydra bites you but does no damage. x2
The eight-headed hydra bites you.
* * * LOW HITPOINT WARNING * * *
The eight-headed hydra barely misses you.
The eight-headed hydra bites you but does no damage.
Huge Dmg: -8%(-10hp) hp: 26%(31hp) Eat one of 4 chunks of flesh? (ye/n/q)
You eat one of the 4 chunks of flesh.
The eight-headed hydra bites you.
* * * LOW HITPOINT WARNING * * *
The eight-headed hydra bites you but does no damage. x6
The eight-headed hydra bites you.
* * * LOW HITPOINT WARNING * * *
This raw flesh tastes great!
Damage: -3%(-4hp) hp: 23%(27hp)
You mangle the eight-headed hydra!!
The eight-headed hydra is almost dead.
Really quaff
k - 5 potions of curing {!q}?
You feel better.
The eight-headed hydra closely misses you.
The eight-headed hydra bites you but does no damage.
The eight-headed hydra bites you.
* * * LOW HITPOINT WARNING * * *
The eight-headed hydra bites you.
* * * LOW HITPOINT WARNING * * *
The eight-headed hydra barely misses you.
The eight-headed hydra bites you but does no damage. x3
You scratch the eight-headed hydra.
The eight-headed hydra is almost dead.
The eight-headed hydra bites you.
* * * LOW HITPOINT WARNING * * *
The eight-headed hydra bites you but does no damage.
The eight-headed hydra bites you.
* * * LOW HITPOINT WARNING * * *
The eight-headed hydra bites you but does no damage.
The eight-headed hydra bites you.
* * * LOW HITPOINT WARNING * * *
The eight-headed hydra barely misses you. x2
The eight-headed hydra bites you!
* * * LOW HITPOINT WARNING * * *
Huge Dmg: -14%(-17hp) hp: 14%(16hp) Really quaff
k - 4 potions of curing {!q}?
You feel better.
The eight-headed hydra bites you but does no damage. x3
The eight-headed hydra barely misses you.
The eight-headed hydra bites you but does no damage. x2
The eight-headed hydra barely misses you.
The eight-headed hydra bites you.
* * * LOW HITPOINT WARNING * * *
You mangle the eight-headed hydra!!
You kill the eight-headed hydra!
Your Unarmed Combat skill increases to level 16!
You scratch the spiny frog but do no damage.
The spiny frog stings you but does no damage.
You scratch the spiny frog.
The spiny frog is lightly wounded.
The spiny frog stings you!
* * * LOW HITPOINT WARNING * * *
Huge Dmg: -10%(-12hp) hp: 6%(7hp) Really quaff
k - 3 potions of curing {!q}?
You feel better. The spiny frog stings you!
You die...

Vault maps used:
D:1:      minmay_arrival_up_and_down, kennysheep_nondescript
D:2:      wad_woods_stonehenge, ashenzari_altar_1
D:4:      minmay_diamond_boxcup, uniq_edmund
D:5:      marbit_many_paths, first_bread
D:6:      lemuel_round_altar, nicolae_overflow_hidden_temple, zin_scriptorium
D:7:      kennysheep_orc_sif_temple, enter_ossuary_1, nemelex_dance_club_becter,
          uniq_pikel, uniq_menkaure
D:8:      david_lair_shrubbed, serial_shops, nicolae_shop_behind_doors,
          nicolae_shop_crystal, kennysheep_mini_moat, shop, shop,
          hangedman_decor_clover_reticule, lightli_church_of_beogh
D:9:      the_bakery
D:10:     uniq_sonja
Lair:1:   portal_ice_cave_entry_pillars_1
Lair:2:   elwin_shoals_entry_rocks, basic_altar, uniq_harold
Lair:4:   spider_nest_entry_a, uniq_rupert, uniq_kirke
Lair:5:   grunt_megastairs_2, minmay_lair_oklob_chamber
Lair:6:   gammafunk_lair_ancient_temple, slime_altar_1, serial_bayou_shore_a
IceCv:    ice_cave_small_demon

Notes
Turn   | Place    | Note
-------+----------+-------------------------------------------
     0 | D:1      | hairmachine the Ghoul Warper began the quest for the Orb.
     0 | D:1      | Reached XP level 1. HP: 17/17 MP: 2/2
   336 | D:1      | Reached XP level 2. HP: 23/23 MP: 3/3
   350 | D:1      | Reached skill level 3 in Unarmed Combat
  1138 | D:2      | Reached XP level 3. HP: 28/29 MP: 4/4
  1229 | D:2      | Found a shattered altar of Ashenzari.
  1443 | D:2      | Became a worshipper of Ashenzari the Shackled
  1463 | D:2      | Reached skill level 4 in Unarmed Combat
  2012 | D:2      | Reached XP level 4. HP: 36/36 MP: 5/5
  2047 | D:2      | Found a hazy altar of Hepliaklqana.
  2557 | D:3      | Reached skill level 5 in Unarmed Combat
  2876 | D:3      | Reached XP level 5. HP: 38/41 MP: 6/6
  3050 | D:4      | Reached skill level 6 in Unarmed Combat
  3360 | D:4      | Reached XP level 6. HP: 45/48 MP: 7/7
  3477 | D:4      | Reached * piety under Ashenzari
  3487 | D:4      | Noticed Edmund
  3524 | D:4      | Killed Edmund
  3524 | D:4      | Reached skill level 7 in Unarmed Combat
  3736 | D:4      | Reached skill level 8 in Unarmed Combat
  3736 | D:4      | Reached XP level 7. HP: 50/55 MP: 8/8
  3872 | D:5      | Entered Level 5 of the Dungeon
  3921 | D:5      | Reached skill level 1 in Armour
  4416 | D:5      | Found a snail-covered altar of Cheibriados.
  4873 | D:6      | Reached XP level 8. HP: 65/65 MP: 9/9
  4947 | D:6      | Found a stormy altar of Qazlal.
  4954 | D:6      | Found an ancient bone altar of Kikubaaqudgha.
  5030 | D:6      | Reached ** piety under Ashenzari
  5053 | D:6      | Found a glowing silver altar of Zin.
  5091 | D:6      | Found a staircase to the Ecumenical Temple.
  5286 | D:6      | Found a glowing golden altar of the Shining One.
  5594 | D:6      | Found a hazy altar of Hepliaklqana.
  5656 | D:7      | Reached skill level 9 in Unarmed Combat
  5748 | D:7      | Reached skill level 5 in Fighting
  6134 | D:7      | Reached XP level 9. HP: 63/75 MP: 10/10
  6332 | D:7      | Reached skill level 5 in Armour
  6354 | D:7      | Noticed Pikel
  6370 | D:7      | Killed Pikel
  6370 | D:7      | Reached skill level 10 in Unarmed Combat
  6391 | D:7      | Noticed a cyan ugly thing
  6440 | D:7      | Noticed Menkaure
  6448 | D:7      | Killed Menkaure
  6702 | D:7      | Found a sparkling altar of Nemelex Xobeh.
  6996 | D:7      | Found a deep blue altar of Sif Muna.
  7257 | D:8      | Found Devvoerchoi's Jewellery Shoppe.
  7283 | D:8      | Noticed a two-headed ogre
  7672 | D:8      | Found Ullud's Book Shop.
  7820 | D:8      | Reached XP level 10. HP: 88/88 MP: 11/11
  7837 | D:8      | Found Umimorch's Food Shop.
  7852 | D:8      | Found Pemohup's Antique Weapon Shop.
  7883 | D:8      | Found Natsuept's Armour Shoppe.
  8096 | D:9      | Reached skill level 11 in Unarmed Combat
  9537 | D:10     | Entered Level 10 of the Dungeon
  9751 | D:10     | Reached *** piety under Ashenzari
  9803 | D:10     | Noticed a two-headed ogre
  9880 | D:10     | Noticed Sonja
  9972 | D:9      | Killed Sonja
  9972 | D:9      | Reached skill level 12 in Unarmed Combat
 10168 | D:9      | Reached XP level 11. HP: 72/97 MP: 12/12
 10557 | D:10     | Reached skill level 10 in Fighting
 10599 | D:10     | Noticed a two-headed ogre
 10610 | D:10     | Killed a two-headed ogre
 10973 | D:8      | Killed a two-headed ogre
 11168 | D:8      | Found a runed door.
 11187 | D:8      | Found a staircase to the Lair.
 11405 | Lair:1   | Entered Level 1 of the Lair of Beasts
 11693 | Lair:1   | Noticed a five-headed hydra
 11701 | Lair:1   | Killed a five-headed hydra
 11810 | Lair:1   | Found a frozen archway.
 11837 | IceCv    | Entered an ice cave
 12391 | IceCv    | Reached skill level 13 in Unarmed Combat
 12867 | IceCv    | Reached XP level 12. HP: 68/106 MP: 13/13
 13176 | IceCv    | Noticed a reaper
 13746 | Lair:2   | Found a staircase to the Shoals.
 13891 | Lair:2   | Found a shimmering altar of Xom.
 14258 | Lair:2   | Noticed Harold
 14297 | Lair:2   | Killed Harold
 15237 | Lair:3   | Reached **** piety under Ashenzari
 15319 | Lair:3   | Reached skill level 5 in Dodging
 15396 | Lair:3   | Reached skill level 10 in Armour
 15678 | Lair:3   | Noticed a death yak
 15767 | Lair:2   | Killed a death yak
 16122 | Lair:4   | Noticed a seven-headed hydra
 16200 | Lair:4   | Noticed Rupert
 16203 | Lair:4   | Noticed Kirke
 16229 | Lair:3   | Reached skill level 14 in Unarmed Combat
 16471 | Lair:4   | Reached XP level 13. HP: 116/118 MP: 14/14
 16497 | Lair:4   | Killed Kirke
 16536 | Lair:4   | Found a hole to the Spider Nest.
 16591 | Lair:4   | Killed Rupert
 16811 | Lair:4   | Reached skill level 15 in Unarmed Combat
 17269 | Lair:5   | Reached ***** piety under Ashenzari
 18258 | Lair:6   | Entered Level 6 of the Lair of Beasts
 18406 | Lair:5   | Reached skill level 16 in Unarmed Combat
 18409 | Lair:5   | Slain by a spiny frog

Vanquished Creatures
  Rupert (Lair:4)
  Kirke (Lair:4)
  3 hydras
  Harold (Lair:2)
  A catoblepas (Lair:5)
  2 two-headed ogres
  3 death yaks
  Sonja (D:9)
  Pikel (D:7)
  5 elephants (Lair:6)
  2 ice statues (IceCv)
  2 torpor snails (Lair:3)
  6 black mambas
  3 komodo dragons
  6 spiny frogs
  3 rime drakes
  5 ice devils (IceCv)
  A jumping spider (Lair:4)
  A polar bear (Lair:5)
  3 trolls
  4 hippogriffs
  18 blink frogs
  A spriggan (D:9)
  2 redbacks (Lair:4)
  2 wyverns
  2 basilisks
  24 yaks
  3 hogs
  Menkaure (D:7)
  Edmund (D:4)
  A porcupine (Lair:4)
  8 water moccasins
  A hornet zombie (D:9)
  4 orc warriors
  5 ice beasts
  2 sky beasts
  2 slaves (D:7)
  4 black bears
  5 ogres
  A phantom (D:9)
  2 centaurs (D:8)
  11 crocodiles
  13 bullfrogs
  A gnoll sergeant (D:9)
  A big kobold (D:10)
  A scorpion (D:5)
  6 killer bees (D:9)
  3 howler monkeys
  10 wights
  An electric eel (Lair:2)
  2 crimson imps
  2 bullfrog zombies (D:5)
  5 hounds
  4 jellies
  7 orc wizards
  A quasit (D:9)
  3 centaur zombies
  6 orc priests
  3 bullfrog skeletons
  A centaur skeleton (D:10)
  An iguana (D:4)
  9 worker ants
  A hound skeleton (D:8)
  A howler monkey zombie (D:10)
  3 worker ant zombies
  6 adders
  5 gnolls
  2 shadow imps
  10 white imps (IceCv)
  3 ufetubi (IceCv)
  3 oozes
  2 worms (D:3)
  A dart slug (D:1)
  4 leopard geckos
  32 orcs
  4 ball pythons
  5 giant cockroaches
  7 goblins
  4 hobgoblins
  6 jackals
  6 quokkas
  5 bats
  9 frilled lizards
  10 kobolds
  5 rats
369 creatures vanquished.

Vanquished Creatures (others)
  A human (Lair:4)
  2 slaves (D:7)
  An orc wizard (D:7)
  3 white imps (IceCv)
  4 ufetubi (IceCv)
  An ooze (D:7)
  4 fungi
  8 plants
24 creatures vanquished.

Grand Total: 393 creatures vanquished

Action                   |  1- 3 |  4- 6 |  7- 9 | 10-12 | 13-15 || total
-------------------------+-------+-------+-------+-------+-------++-------
Melee: Unarmed           |   132 |   209 |   375 |   783 |   284 ||  1783
       Punch             |     1 |     1 |     9 |    33 |    13 ||    57
Throw: Stone             |       |     9 |    24 |    48 |    17 ||    98
       Throwing net      |       |       |       |     1 |     1 ||     2
Invok: Curse Item        |       |     1 |     4 |     3 |       ||     8
Evoke: Wand              |       |       |       |    15 |    15 ||    30
  Use: Scroll            |     1 |       |       |    12 |       ||    13
       Potion            |       |       |       |       |     4 ||     4
  Eat: Chunk             |    17 |    13 |    21 |    80 |    49 ||   180
Armor: Leather armour    |    44 |       |       |       |       ||    44
       Plate armour      |    40 |   151 |   184 |   463 |   198 ||  1036
Dodge: Dodged            |    87 |    57 |    71 |   253 |   139 ||   607

Skill      XL: |  1  2  3  4  5  6  7  8  9 10 11 12 13 |
---------------+----------------------------------------+-----
Unarmed Combat | 3 4 5 6 8 9 10 12 13 14 16 | 16.0
Armour         | 2 4 6 7 9 10 11 | 11.2
Fighting       | 3 5 7 9 11 12 13 | 13.3
Dodging        | 3 5 |  5.2
Throwing       | |  0.8
Spellcasting   | |  1.7
Translocations | |  2.6
